 Dungeon Crawl Stone Soup version 0.28-a0-796-gd4f0d3f9b2 (webtiles) character file.

Game seed: 9099907628024434863

183 Decritt the Digger (level 5, -7/32 HPs)
             Began as a Gargoyle Earth Elementalist on Nov 6, 2021.
             Killed by divine providence
             ... invoked by an orc priest
              (11 damage)
             ... on level 3 of the Dungeon.
             The game lasted 00:11:34 (4069 turns).

Decritt the Digger (Gargoyle Earth Elementalist)    Turns: 4069, Time: 00:11:35

Health: -7/32      AC: 10    Str: 11    XL:     5   Next: 62%
Magic:  7/8        EV: 10    Int: 17    God:
Gold:   112        SH:  0    Dex: 10    Spells: 4/8 levels left

rFire   . . .      SeeInvis .   r - +2 club (spect)
rCold   . . .      Faith    .   (no shield)
rNeg    + . .      Spirit   .   o - +0 ring mail
rPois   ∞          Reflect  .   l - +0 helmet
rElec   +          Harm     .   (no cloak)
rCorr   .          Rampage  .   (no gloves)
Will    .....                   (no boots)
Stlth   +.........              (no amulet)
HPRegen 0.10/turn               (no ring)
MPRegen 0.11/turn               (no ring)

@: no status effects
A: sickness immunity, AC +4, negative energy resistance 1, electricity
resistance, torment resistance 1, petrification resistance
a: no special abilities


You were on level 3 of the Dungeon.
You visited 1 branch of the dungeon, and saw 3 of its levels.

You collected 112 gold pieces.

Inventory:

Hand Weapons
 f - a +0 club
 m - a +2 dagger of draining
 r - a +2 spectral club (weapon)
Missiles
 c - 55 stones
 k - 6 poisoned darts (quivered)
Armour
 b - a +0 robe
 l - a +0 helmet (worn)
 o - a +0 ring mail (worn)
 q - a +2 robe of willpower
Scrolls
 a - 3 scrolls of teleportation {unknown}
 g - a scroll of silence {unknown}
 j - a scroll of acquirement {unknown}
Potions
 d - 2 potions of mutation {unknown}
 e - a potion of resistance {unknown}
 h - a potion of invisibility {unknown}
 i - 2 potions of curing {unknown}
 n - 2 potions of haste {unknown}
 p - 2 potions of flight {unknown}


   Skills:
 - Level 3.2 Fighting
 * Level 0.0 Maces & Flails
 - Level 1.5 Dodging
 - Level 2.1 Stealth
 + Level 2.1 Spellcasting
 + Level 0.0 Conjurations
 - Level 0.7 Transmutations
 - Level 6.2 Earth Magic


You had 4 spell levels left.
You knew the following spells:

 Your Spells              Type           Power      Damage    Failure   Level
a - Sandblast             Erth           44%        2d11      3%          1
b - Stone Arrow           Conj/Erth      24%        3d8       36%         3

Your spell library contained the following spells:

 Spells                   Type           Power      Damage    Failure   Level
 Passwall                 Tmut/Erth      10%        N/A       17%         2
 Petrify                  Tmut/Erth      13%        N/A       73%         4


Dungeon Overview and Level Annotations

Branches:
Dungeon (3/15)

Altars:


Innate Abilities, Weirdness & Mutations

You are immune to sickness and miasma.
Your stone body is resilient. (AC +4)
You are immune to poison.
You resist negative energy. (rN+)
You are resistant to electric shocks. (rElec)
You are resistant to unholy torment.
You are immune to petrification.


Message History

You finish memorising.
Spell assigned to 'b'.
k - 5 poisoned darts (gained 1)
k - 6 poisoned darts (gained 1)
k - 7 poisoned darts (gained 1)
A goblin comes into view. It is wielding a +0 club.
You see here a scroll labelled HEFREC TUNKOI.
An orc priest comes into view. It is wielding a +0 short sword.
The goblin shouts!
You throw a poisoned dart.
The poisoned dart closely misses the goblin.
The orc priest shouts!
You hear a shout!
The orc priest invokes the aid of Beogh against you.
Beogh smites you!
The orc priest miscasts a cantrip.
You see here a scroll labelled HEFREC TUNKOI.
Your ring mail prevents you from hitting the goblin.
The goblin hits you with a +0 club.
You barely miss the goblin. The goblin hits you but does no damage.
You hit the goblin.
You kill the goblin!
The orc priest invokes the aid of Beogh against you.
Beogh smites you!
* * * LOW HITPOINT WARNING * * *
The orc priest hits you but does no damage.
You see here a +0 club.
You completely miss the orc priest.
The orc priest hits you but does no damage.
The orc priest hits you with a +0 short sword.
* * * LOW HITPOINT WARNING * * *
Casting: Sandblast (safe; 3% risk of failure)
Confirm with . or Enter, or press ? or * to list all spells.
Aiming: Sandblast (safe; 3% risk of failure)
Press: ? - help, Shift-Dir - straight line, f - orc priest
Aim: an orc priest, wielding a +0 short sword (81% to hit)
The blast of sand hits the orc priest.
The orc priest is moderately wounded.
c - 55 stones The orc priest invokes the aid of Beogh against you.
Beogh smites you!
You die...

###### # #### #.... ......#
#######[#.# #..##..###
######.....†.#.#####
#.......####......##...........
#..........#######.####.#####
....#.[.##..########.# #?# #.#
###.###...@o.....# #.# #.#
#..#########...# #.# #.#
##.#######...#..# #.# #.#
##.........####...#o# #.#
###....###### ##.... #.#
###...##...... ##.#.
#.###...### #####. #....
......### #.. ## .)..### #..


You could see an orc priest.

Vanquished Creatures
  Jessica (D:3)
  Robin (D:1)
  8 adders
  2 dart slugs (D:1)
  3 ball pythons
  4 bats
  4 endoplasms
  15 goblins
  7 hobgoblins
  7 jackals (D:2)
  3 quokkas
  A frilled lizard (D:2)
  6 kobolds
  3 rats
65 creatures vanquished.

Vanquished Creatures (others)
  26 plants (D:2)
26 creatures vanquished.

Grand Total: 91 creatures vanquished

Notes
Turn   | Place    | Note
-------+----------+-------------------------------------------
     0 | D:1      | Decritt the Gargoyle Earth Elementalist began the quest for
                  | the Orb.
     0 | D:1      | Reached XP level 1. HP: 10/10 MP: 3/3
   157 | D:1      | Reached skill level 4 in Earth Magic
   169 | D:1      | Reached XP level 2. HP: 4/16 MP: 0/5
   479 | D:1      | Reached skill level 1 in Fighting
  1519 | D:2      | Noticed Robin
  1524 | D:1      | Reached XP level 3. HP: 10/20 MP: 6/6
  2285 | D:1      | Killed Robin
  2286 | D:1      | Reached skill level 5 in Earth Magic
  2661 | D:2      | Reached XP level 4. HP: 19/26 MP: 7/7
  3218 | D:2      | Reached XP level 5. HP: 31/31 MP: 8/8
  3695 | D:3      | Reached skill level 6 in Earth Magic
  4002 | D:3      | Noticed Jessica
  4006 | D:3      | Killed Jessica
  4034 | D:3      | Learned a level 3 spell: Stone Arrow
  4069 | D:3      | Killed from afar by an orc priest

Illustrated notes

Levels and vault maps discovered:
D:1:      tarquinn_simple_flora_water_e, layout_loops_ring, serial_rivers,
          chequers_serial_rivers_micro_e, chequers_serial_rivers_room_b,
          chequers_serial_rivers_micro_b, chequers_serial_rivers_small_b,
          chequers_serial_rivers_micro_e
D:2:      cheibrodos_helix_gallery, layout_basic, serial_bayou,
          serial_bayou_pond_c, serial_bayou_shore_a, serial_bayou_pond_c,
          serial_bayou_pond_a, uniq_robin
D:3:      layout_rooms, gammafunk_temple_overflow_wave, uniq_sigmund,
          uniq_natasha, uniq_jessica

Skill      XL: |  1  2  3  4  5 |
---------------+----------------+-----
Earth Magic    | 4 5 6 |  6.2
Fighting       | 1 2 3 |  3.2
Dodging        | |  1.5
Stealth        | |  2.1
Spellcasting   | |  2.1
Transmutations | |  0.7

Action                   |  1- 3 |  4- 6 || total
-------------------------+-------+-------++-------
Melee: Unarmed           |    12 |       ||    12
       Club              |    82 |     4 ||    86
       Dagger            |     8 |   109 ||   117
Throw: Dart              |     3 |    32 ||    35
       Stone             |       |     1 ||     1
 Cast: Sandblast         |    20 |     4 ||    24
 Stab: Sleeping          |     1 |       ||     1
Armor: Robe              |    53 |    34 ||    87
       Ring mail         |       |    33 ||    33
Dodge: Dodged            |    87 |    73 ||   160

Table legend: (Time is in decaauts)
 A = Elapsed time spent in this place.
 B = Non-inter-level travel time spent in this place.
 C = Inter-level travel time spent in this place.
 D = Time resting spent in this place.
 E = Time spent auto-exploring this place.
 F = Levels seen in this place.
 G = Mean time per level.
                   A        B        C        D        E       F      G
               +--------+--------+--------+--------+--------+-----+--------+
         Total |   4126 |   4107 |     19 |   1279 |   2172 |   3 | 1375.3 |
       Dungeon |   4126 |   4107 |     19 |   1279 |   2172 |   3 | 1375.3 |
               +--------+--------+--------+--------+--------+-----+--------+

Top non-repeatable levels by time:
     D:1: 2400 daAuts
     D:2: 1337 daAuts
     D:3: 387 daAuts
